 Dungeon Crawl Stone Soup version 0.30-a0-956-gcec3b41aec (webtiles) character file.

Game seed: 8323142862997656924

77 lesbiats the Cudgeller (level 4, -2/44 HPs)
             Began as a Troll Fighter on Mar 29, 2023.
             Slain by a gnoll
             ... wielding a +0 morningstar
              (12 damage)
             ... on level 2 of the Dungeon.
             The game lasted 00:04:41 (1028 turns).

lesbiats the Cudgeller (Troll Fighter)              Turns: 1028, Time: 00:04:43

Health: -2/44      AC:  5    Str: 26    XL:     4   Next: 14%
Magic:  3/3        EV:  8    Int:  4    God:
Gold:   124        SH:  7    Dex:  9    Spells: 3/3 levels left

rFire   . . .      SeeInvis .    a - +0 flail
rCold   . . .      Faith    .    c - +0 kite shield
rNeg    . . .      Spirit   .    b - +0 robe
rPois   .          Reflect  .    (helmet restricted)
rElec   .          Rampage  .    l - +0 cloak
rCorr   .                        (gloves unavailable)
Will    .....                    (boots unavailable)
Stlth   +                        (no amulet)
HPRegen 1.07/turn                (no ring)
MPRegen 0.08/turn                (no ring)

@: no status effects
A: large, unfitting armour, claws 3, regeneration 1, shaggy fur 1, tough skin 1
a: no special abilities


You were on level 2 of the Dungeon.
You visited 1 branch of the dungeon, and saw 2 of its levels.

You collected 124 gold pieces.

Inventory:

Hand Weapons
 a - a +0 flail (weapon)
Missiles
 h - 4 poisoned darts (quivered)
 o - 2 silver boomerangs
Armour
 b - a +0 robe (worn)
 c - a +0 kite shield (worn)
 l - a +0 cloak (worn)
Scrolls
 f - a scroll of poison {unknown}
 g - 4 scrolls of identify
 k - a scroll of immolation {unknown}
 n - a scroll of summoning {unknown}
Potions
 d - 2 potions of might
 e - 2 potions of attraction
 i - a potion of ambrosia {unknown}
 j - a potion of brilliance {unknown}
 m - a potion of resistance {unknown}
 p - a potion of magic {unknown}
 q - a potion of cancellation {unknown}


   Skills:
 + Level 2.9 Fighting
 * Level 3.1 Maces & Flails
 + Level 2.9 Dodging
 - Level 2.6 Shields


You had 3 spell levels left.
You didn't know any spells.
Your spell library contained the following spells:

 Spells                   Type           Power      Damage    Failure   Level
 Ensorcelled Hibernation  Hex/Ice        0%         N/A       91%         2
 Spider Form              Tmut/Pois      0%         N/A       99%         3
 Anguish                  Hex/Necr       0%         N/A       100%        4


Dungeon Overview and Level Annotations

Branches:
Dungeon (2/15)

Altars:


Innate Abilities, Weirdness & Mutations

You are too large for most types of armour.
You have claws for hands.
Your natural rate of healing is unusually fast.
You are covered in fur. (AC +1)
You have tough skin. (AC +1)


Message History

HP restored.
p - a fuming purple potion
q - a golden potion The gnoll shouts! x2
You barely miss the gnoll. The gnoll closely misses you.
The gnoll hits you with a +0 morningstar.
You barely miss the gnoll.
The gnoll hits you with a +0 morningstar!
You hit the gnoll.
The gnoll is moderately wounded.
You block the gnoll's attack.
The gnoll hits you with a +0 morningstar.
You completely miss the gnoll.
The gnoll is moderately wounded.
You block the gnoll's attack.
The gnoll hits you with a +0 morningstar.
You block the gnoll's attack.
The gnoll hits you with a +0 morningstar.
You barely miss the gnoll.
The gnoll is moderately wounded.
The gnoll hits you with a +0 club. The gnoll barely misses you.
You hit the gnoll but do no damage.
The gnoll is moderately wounded.
You block the gnoll's attack.
The gnoll hits you with a +0 morningstar!
The gnoll barely misses you. x2
You are too injured to fight recklessly!
The gnoll attacks as you move away! You block the gnoll's attack.
The gnoll attacks as you move away! The gnoll hits you with a +0 club.
You hit the gnoll but do no damage. The gnoll hits you with a +0 club.
You hit the gnoll.
The gnoll is heavily wounded.
The gnoll hits you with a +0 club.
You closely miss the gnoll.
The gnoll is heavily wounded.
The gnoll hits you with a +0 club!
* * * LOW HITPOINT WARNING * * *
The gnoll closely misses you.
The gnoll hits you with a +0 morningstar!
You die...

##.##.##.########..##.###......
####.##.##..........###.....###..
.....##.##........###....##......
....###......†........#..##.##..#
....###..#†......................
....#.....>......#...........###.
......#.†#.......#.......#..###..
....###..#.......#..............#
....# #..#######@#...........####
....# #.## ##gg#.....#..#.##
....###.######....g.........#
#..........#...........##..#.
#..........#...........##......
#...............##.....##.##...
#...............#####...... g...
#................... .....
.................### ##..


You could see 2 gnolls.

Vanquished Creatures
  A gnoll (D:2)
  2 adders (D:2)
  A dart slug (D:2)
  2 bats
  6 endoplasms
  A giant cockroach (D:1)
  5 goblins (D:1)
  6 hobgoblins
  2 jackals (D:1)
  A quokka (D:2)
  4 ball pythons
  2 frilled lizards
  2 kobolds (D:1)
  11 rats
46 creatures vanquished.

Notes
Turn   | Place    | Note
-------+----------+-------------------------------------------
     0 | D:1      | lesbiats the Troll Fighter began the quest for the Orb.
     0 | D:1      | Reached XP level 1. HP: 22/22 MP: 0/0
    98 | D:1      | Reached skill level 2 in Maces & Flails
   108 | D:1      | You fall into a shaft and drop 1 floor!
   123 | D:2      | Reached XP level 2. HP: 29/29 MP: 1/1
   195 | D:2      | Reached XP level 3. HP: 32/36 MP: 2/2
   240 | D:1      | Found a faded altar of an unknown god.
   865 | D:2      | Reached skill level 3 in Maces & Flails
   934 | D:2      | Reached XP level 4. HP: 38/44 MP: 3/3
  1028 | D:2      | Slain by a gnoll

Illustrated notes

Levels and vault maps discovered:
D:1:      evilmike_arrival_hilbert_curve, layout_basic,
          ebering_ecumenical_altar_abandoned
D:2:      layout_rooms, minmay_rat_gold_closets

Skill      XL: |  1  2  3 |
---------------+----------+-----
Maces & Flails | 2 3 |  3.1
Fighting       | |  2.9
Dodging        | |  2.9
Shields        | |  2.6

Action                     |  1- 3 |  4- 6 || total
---------------------------+-------+-------++-------
  Melee: Flail             |   131 |    13 ||   144
    Use: Scroll            |     1 |       ||     1
   Stab: Sleeping          |     1 |       ||     1
 Armour: Robe              |    38 |     2 ||    40
  Dodge: Dodged            |    45 |     5 ||    50
  Block: Kite shield       |    55 |     5 ||    60

Table legend: (Time is in decaauts)
 A = Elapsed time spent in this place.
 B = Non-inter-level travel time spent in this place.
 C = Inter-level travel time spent in this place.
 D = Time resting spent in this place.
 E = Time spent auto-exploring this place.
 F = Levels seen in this place.
 G = Mean time per level.
                   A        B        C        D        E       F      G
               +--------+--------+--------+--------+--------+-----+--------+
         Total |   1085 |   1037 |     48 |     24 |    499 |   2 |  542.5 |
       Dungeon |   1085 |   1037 |     48 |     24 |    499 |   2 |  542.5 |
               +--------+--------+--------+--------+--------+-----+--------+

Top non-repeatable levels by time:
     D:1: 640 daAuts
     D:2: 444 daAuts
